 Dungeon Crawl Stone Soup version 0.19-a0-1206-g6bcb79c (webtiles) character file.

1213 mopl the Cudgeler (level 8, -6/81 HPs)
             Began as an Ogre Arcane Marksman on Aug 21, 2016.
             Was an Initiate of Okawaru.
             Mangled by an ogre
             ... wielding a +0 giant club
              (32 damage)
             ... on level 5 of the Dungeon.
             The game lasted 00:12:50 (6264 turns).

mopl the Cudgeler (Ogre Arcane Marksman)            Turns: 6264, Time: 00:12:50

Health: -6/81      AC:  4    Str: 20    XL:     8   Next: 46%
Magic:  9/9        EV: 10    Int: 12    God:    Okawaru [......]
Gold:   382        SH:  0    Dex: 11    Spells: 1 memorised, 8 levels left

rFire  . . .     SeeInvis +     a - +2 flail (crush)
rCold  . . .     Gourm    .     j - +0 robe
rNeg   . . .     Faith    .     (no shield)
rPois  .         Spirit   .     (helmet restricted)
rElec  .         Dismiss  .     u - +0 cloak
rCorr  .         Reflect  .     (gloves unavailable)
MR     .....     Harm     .     (boots unavailable)
Stlth  +.........               (no amulet)
                                r - +3 ring of strength
                                g - ring of see invisible

@: no status effects
A: unfitting armour, tough skin 1
a: Renounce Religion


You were on level 5 of the Dungeon.
You worshipped Okawaru.
Okawaru was noncommittal.
You were not hungry.

You visited 1 branch of the dungeon, and saw 5 of its levels.
You also visited: Ossuary.

You collected 382 gold pieces.

Inventory:

Hand Weapons
 a - a +2 flail of crushing (weapon)
Missiles
 c - 4 large rocks (quivered)
 d - a throwing net
 e - 267 stones
Armour
 j - a +0 robe (worn)
 s - a +0 large shield
 u - a +0 cloak (worn)
Magical Staves
 A - an uncursed staff of summoning {!a}
Jewellery
 g - a ring of see invisible (left hand)
 r - a +3 ring of strength (right hand)
Scrolls
 i - 2 scrolls of identify
 k - 2 scrolls of enchant weapon {unknown}
 l - 3 scrolls of remove curse {unknown}
 m - 3 scrolls of magic mapping {unknown}
 o - 3 scrolls of enchant armour {unknown}
 p - 2 scrolls of noise {unknown}
 t - a scroll of random uselessness {unknown}
 v - 4 scrolls of teleportation {unknown}
 w - a scroll of amnesia {unknown}
 y - a scroll of holy word {unknown}
Potions
 h - 3 potions of flight
 n - a potion of heal wounds
 q - a potion of might
 x - 2 potions of ambrosia
 z - a potion of curing
 E - a potion of brilliance
Books
 b - a book of Debilitation

   Spells                             Type                      Level
   a - Corona                         Hexes                        1
   b - Slow                           Hexes                        2
   c - Gell's Gravitas                Hexes/Translocation          3
   d - Inner Flame                    Hexes/Fire                   3
   e - Cause Fear                     Hexes                        4
   f - Leda's Liquefaction            Hexes/Earth                  4
 C - a book of Summonings

   Spells                             Type                      Level
   a - Recall                         Summoning/Translocation      3
   b - Aura of Abjuration             Summoning                    5
   c - Summon Demon                   Summoning                    5
   d - Summon Forest                  Summoning/Translocation      5
   e - Summon Mana Viper              Hexes/Summoning              5
   f - Shadow Creatures               Summoning                    6
Comestibles
 f - 3 bread rations
 B - a slice of pizza
 D - a chunk of flesh
 F - a beef jerky


   Skills:
 + Level 5.5 Fighting
 * Level 7.8 Maces & Flails
 * Level 6.7 Throwing
 - Level 1.7 Dodging
 - Level 1.2 Spellcasting
 - Level 2.1 Hexes


You had 8 spell levels left.
You knew the following spells:

 Your Spells              Type           Power        Failure   Level  Hunger
a - Corona                Hex            #......      14%         1    ##.....


Dungeon Overview and Level Annotations

Branches:
Dungeon (5/15)
 Temple: D:4-7

Altars:
Okawaru
Ru
Sif Muna
Uskayaw
Vehumet


Innate Abilities, Weirdness & Mutations

You are too large for most types of armour.
You have tough skin. (AC +1)


Message History

Throwing (i - inventory. (,) - cycle):
c - a large rock (quivered)
Press: ? - help, Shift-Dir - straight line, f/p - Eustachio
Aim: Eustachio, wielding a vampiric rapier and wearing a leather armour (severely wounded)
You throw a large rock. The large rock hits Eustachio!
You kill Eustachio!
Okawaru accepts your kill.
The ufetubus disappears in a puff of smoke!
The quasit disappears in a puff of smoke!
The ogre barely misses you. The ogre hits you with a giant club!!
Unknown command.
Things that are here:
a vampiric rapier; a leather armour; 4 large rocks
c - 4 large rocks The ogre hits you with a giant club!
* * * LOW HITPOINT WARNING * * *
There is a stone staircase leading down here.
Found 18 stones.
There is a stone staircase leading up here.
The ogre hits you with a giant club!!
You die...

#.# # #.# #. #.#
####.###.#
.........#######
.#.............#######
.....................#
#.@O.o.....####.#
#########..# #.##.
#..# #.##. #######..#
#.# . ....(...o# #.#
########.####'##
#.......# #.......#
#.......##


You could see an ogre and an orc.

Vanquished Creatures
  Eustachio (D:5)
  2 phantoms (D:4)
  3 elf zombies (Ossuary)
  A scorpion (D:4)
  A howler monkey (D:5)
  7 centaur zombies (Ossuary)
  An orc priest (D:4)
  2 human zombies (Ossuary)
  A worker ant (D:4)
  3 mummies (Ossuary)
  A hound skeleton (D:5)
  4 gnolls
  6 adders
  A shadow imp (D:5)
  2 oozes
  An adder zombie (D:5)
  An adder skeleton (D:5)
  3 worms
  4 dart slugs
  2 giant geckos (D:3)
  4 orcs
  4 giant cockroaches
  10 goblins
  14 hobgoblins
  7 jackals
  A quokka (D:3)
  A ball python (D:2)
  10 bats
  2 giant newts
  A jackal skeleton (D:4)
  6 kobolds
  11 rats
118 creatures vanquished.

Notes
Turn   | Place    | Note
-------+----------+-------------------------------------------
     0 | D:1      | mopl the Ogre Arcane Marksman began the quest for the Orb.
     0 | D:1      | Reached XP level 1. HP: 19/19 MP: 2/2
   448 | D:1      | Reached XP level 2. HP: 22/28 MP: 3/3
   726 | D:1      | Reached skill level 2 in Fighting
   976 | D:1      | Reached skill level 3 in Throwing
  1002 | D:1      | Reached XP level 3. HP: 11/35 MP: 4/4
  1723 | D:2      | Reached skill level 1 in Maces & Flails
  2218 | D:1      | Reached XP level 4. HP: 30/44 MP: 5/5
  2481 | D:2      | Reached skill level 2 in Maces & Flails
  2605 | D:2      | Found a radiant altar of Vehumet.
  2928 | D:3      | Found a hide-covered altar of Uskayaw.
  3025 | D:3      | Found a sacrificial altar of Ru.
  3265 | D:3      | Reached XP level 5. HP: 37/52 MP: 6/6
  3432 | D:3      | Reached skill level 3 in Maces & Flails
  3478 | D:3      | Reached skill level 4 in Throwing
  3870 | D:4      | Found a deep blue altar of Sif Muna.
  3911 | D:4      | Reached skill level 3 in Fighting
  3947 | D:4      | Noticed a phantom
  3989 | D:4      | Killed a phantom
  3989 | D:4      | Reached skill level 4 in Maces & Flails
  3989 | D:4      | Reached XP level 6. HP: 12/61 MP: 7/7
  4048 | D:4      | Found a sand-covered staircase.
  4053 | Ossuary  | Entered an ossuary
  4414 | Ossuary  | Reached skill level 5 in Maces & Flails
  4428 | Ossuary  | Reached skill level 5 in Throwing
  4428 | Ossuary  | Reached XP level 7. HP: 19/68 MP: 8/8
  4639 | Ossuary  | Reached skill level 4 in Fighting
  4957 | Ossuary  | Reached skill level 6 in Maces & Flails
  4993 | Ossuary  | Reached skill level 6 in Throwing
  5356 | D:4      | Reached XP level 8. HP: 79/79 MP: 9/9
  5391 | D:4      | Reached skill level 5 in Fighting
  5481 | D:4      | Reached skill level 7 in Maces & Flails
  5675 | D:4      | Found an iron altar of Okawaru.
  5806 | D:4      | Became a worshipper of Warmaster Okawaru
  6034 | D:5      | Entered Level 5 of the Dungeon
  6204 | D:5      | Noticed Eustachio
  6211 | D:5      | Killed Eustachio
  6264 | D:5      | Mangled by an ogre

Vault maps used:
D:1:      dpeg_arrival_arbitrary_a, minmay_misc_feat_roman
D:2:      kennysheep_big_flooded_room, lemuel_round_altar, minmay_tall_x
D:3:      nicolae_overflow_crystal_walls, overflow_temple_1_default
D:4:      old_standard_altar, okawaru_trees_2,
          nicolae_ossuary_entry_false_entrances
D:5:      first_bread, uniq_eustachio
Ossuary:  ossuary_minmay_four_chambers

Skill      XL: |  1  2  3  4  5  6  7  8 |
---------------+-------------------------+-----
Fighting       | 2 3 4 5 |  5.5
Throwing       | 3 4 5 6 |  6.7
Maces & Flails | 1 2 4 5 6 7 |  7.8
Dodging        | |  1.7
Spellcasting   | |  1.2
Hexes          | |  2.1

Action                   |  1- 3 |  4- 6 |  7- 9 || total
-------------------------+-------+-------+-------++-------
Melee: Unarmed           |    40 |       |       ||    40
       Spear             |   184 |   104 |       ||   288
       Flail             |       |    86 |   135 ||   221
Throw: Stone             |    14 |    16 |     2 ||    32
       Large rock        |       |     4 |     5 ||     9
       Throwing net      |       |       |     1 ||     1
 Cast: Corona            |     3 |       |       ||     3
  Use: Scroll            |     1 |       |     6 ||     7
       Potion            |       |       |     1 ||     1
 Stab: Sleeping          |     2 |     1 |       ||     3
       Held in net/web   |       |       |     1 ||     1
  Eat: Chunk             |     4 |     6 |     2 ||    12
       Pizza             |       |     1 |       ||     1
       Bread ration      |       |       |     1 ||     1
Armor: Robe              |    56 |    43 |    28 ||   127
Dodge: Dodged            |   102 |    93 |    37 ||   232
